 Dungeon Crawl Stone Soup version 0.22-a0-601-gb0ed703 (webtiles) character file.

4369 raistware the Destroyer (level 10, -7/63 HPs)
             Began as a Mummy Conjurer on July 6, 2018.
             Was a Follower of Sif Muna.
             Mangled by a wolf (12 damage)
             ... led by Grum
             ... on level 9 of the Dungeon.
             The game lasted 00:52:47 (13860 turns).

raistware the Destroyer (Mummy Conjurer)           Turns: 13860, Time: 00:52:49

Health: -7/63      AC:  4    Str: 12    XL:     10   Next: 13%
Magic:  7/20       EV: 12    Int: 18    God:    Sif Muna [*.....]
Gold:   338        SH:  5    Dex: 12    Spells: 3/22 levels left

rFire    x . .     SeeInvis .   n - +2 dagger (venom)
rCold    + . .     Gourm    .   o - +0 buckler (curse)
rNeg     + + +     Faith    .   a - +0 robe
rPois    ∞         Spirit   .   (no helmet)
rElec    .         Reflect  .   k - +0 cloak
rCorr    .         Harm     .   (no gloves)
MR       +....                  c - +0 pair of boots
Stlth    ++........             (no amulet)
HPRegen  0.20/turn              (no ring)
MPRegen  0.17/turn              (no ring)

@: no status effects
A: no food or potions, fire vulnerability, cold resistance 1, negative energy
resistance 3, torment resistance, unbreathing
a: Divine Energy, Renounce Religion


You were on level 9 of the Dungeon.
You worshipped Sif Muna.
Sif Muna was aware of your devotion.
You were not hungry.

You visited 2 branches of the dungeon, and saw 10 of its levels.

You collected 454 gold pieces.
You spent 116 gold pieces at shops.

Inventory:

Hand Weapons
 h - a +1 whip of freezing
 l - a +0 blowgun
 n - a +2 dagger of venom (weapon)
 p - a +1 whip of flaming
Missiles
 e - 100 poisoned needles
 g - 8 curare-tipped needles
 r - 8 needles of frenzy
Armour
 a - a +0 robe (worn)
 c - a +0 pair of boots (worn)
 k - a +0 cloak (worn)
 o - a cursed +0 buckler (worn)
Wands
 m - a wand of paralysis (20)
 q - a wand of random effects (21)
 s - a wand of flame (31)
Scrolls
 b - 2 scrolls of enchant weapon {unknown}
 d - a scroll of remove curse
 f - 6 scrolls of identify
 i - 2 scrolls of noise {unknown}
 j - 2 scrolls of enchant armour {unknown}
 t - 2 scrolls of magic mapping {unknown}
 u - a scroll of blinking
 v - 2 scrolls of fear
 w - a scroll of fog
 y - a scroll of torment {unknown}
Miscellaneous
 x - a box of beasts


   Skills:
 + Level 3.4 Throwing
 - Level 2.0 Dodging
 - Level 2.0 Stealth
 - Level 4.0 Shields
 + Level 6.8 Spellcasting
 * Level 9.5 Conjurations
 - Level 4.0 Hexes
 + Level 2.2 Charms


You had 3 spell levels left.
You knew the following spells:

 Your Spells              Type           Power        Failure   Level  Hunger
a - Magic Dart            Conj           ####         1%          1    N/A
b - Searing Ray           Conj           #####.       1%          2    N/A
c - Dazzling Spray        Conj/Hex       ####..       1%          3    N/A
d - Iskenderun's Mystic   Conj           #####...     2%          4    N/A
e - Fulminant Prism       Conj/Hex       ####......   7%          4    N/A
f - Force Lance           Conj/Tloc      ###.....     16%         4    N/A
g - Infusion              Chrm           ##..         4%          1    N/A

Your spell library contained the following spells:

 Spells                   Type           Power        Failure   Level  Hunger
 Regeneration             Chrm/Necr      ##........   22%         3    N/A
 Shroud of Golubria       Chrm/Tloc      ##........   11%         2    N/A
 Song of Slaying          Chrm           ##......     7%          2    N/A
 Spectral Weapon          Hex/Chrm       ###.....     9%          3    N/A

Dungeon Overview and Level Annotations

Branches:
Dungeon (9/15)             Temple (1/1) D:7            Lair (0/6) D:8
    Orc: D:9-12

Altars:
Ashenzari
Cheibriados
Dithmenos
Elyvilon
Fedhas
Gozag
Hepliaklqana
Kikubaaqudgha
Makhleb
Nemelex Xobeh
Okawaru
Qazlal
Ru
Sif Muna
Trog
Uskayaw
Vehumet
Wu Jian
Xom
Yredelemnul
Zin
The Shining One
Beogh

Shops:
D:6 *   D:7 :   D:9 *

Annotations:
D:4 3 runed doors, exclusion: 3 doors, Wingboner's ghost, amateur DENe
D:9 Grum


Innate Abilities, Weirdness & Mutations

You do not eat or drink.
Your flesh is vulnerable to fire.
You are immune to poison.
Your flesh is cold resistant. (rC+)
You are immune to negative energy. (rN+++)
You are immune to unholy pain and torment.
You can survive without breathing.


Message History

The searing ray hits Grum.
Grum is severely wounded.
You finish channeling your searing ray.
Grum hits you from afar with an enchanted glaive.
You hit Grum but do no damage.
Grum is severely wounded.
Grum hits you with an enchanted glaive!
Casting: Searing Ray (safe; 1% risk of failure)
Confirm with . or Enter, or press ? or * to list all spells.
Aiming: Dazzling Spray (safe; 1% risk of failure)
Press: ? - help, Shift-Dir - straight line, f/p - Grum
Aim: Grum, wielding an enchanted glaive, wearing a glowing animal skin and carrying a wand of disintegration (12) (severely wounded)
The spray of energy hits Grum.
Grum is severely wounded.
Grum is dazzled.
The spray of energy hits the wolf.
The wolf is lightly wounded.
You block the wolf's attack.
Grum zaps a wand.
You are blasted!
* * * LOW HITPOINT WARNING * * *
The wolf bites you!
You die...

#......# #..
.#.####.# #..
.#.# ### #..
.#.# #..#.#.#
#....#.#
#.##...##.#
#....hg.#.#
#.######@.#.#
#.........#.#
######....#.#
###.##.#
#......#
#.#.####
#.#.# #.#.#
#.#.#


You could see Grum (blind) and a wolf.

Vanquished Creatures
  Pikel (D:5)
  2 orc warriors
  A hornet (D:8)
  2 water moccasins
  2 sky beasts
  3 ice beasts
  A black bear (D:8)
  2 slaves (D:5)
  2 phantoms
  3 ogres
  A wolf (D:9)
  3 centaurs
  2 big kobolds (D:7)
  6 bullfrogs
  4 scorpions
  5 wights (D:8)
  A howler monkey (D:5)
  A hound (D:5)
  2 centaur zombies
  2 jellies (D:6)
  2 orc priests
  Crazy Yiuf (D:3)
  A bullfrog skeleton (D:9)
  3 orc wizards
  Jessica (D:3)
  An iguana (D:4)
  4 worker ants
  Terence (D:2)
  A killer bee zombie (D:5)
  A hound zombie (D:7)
  A hound skeleton (D:8)
  4 gnolls (D:3)
  7 adders
  A howler monkey skeleton (D:4)
  A shadow imp (D:5)
  An ooze (D:3)
  An adder skeleton (D:7)
  3 worms
  4 leopard geckos
  22 orcs
  3 giant cockroaches
  6 goblins
  7 hobgoblins
  5 jackals
  A quokka (D:6)
  13 bats
  4 frilled lizards
  A jackal skeleton (D:4)
  16 kobolds
  A leopard gecko skeleton (D:6)
  A quokka zombie (D:6)
  5 rats
  A fungus (D:6)
171 creatures vanquished.

Vanquished Creatures (collateral kills)
  Duvessa (D:7)
  Dowan (D:7)
  2 orc wizards (D:7)
4 creatures vanquished.

Vanquished Creatures (others)
  An orc wizard (D:7)
  A fungus (D:6)
2 creatures vanquished.

Grand Total: 177 creatures vanquished

Notes
Turn   | Place    | Note
-------+----------+-------------------------------------------
     0 | D:1      | raistware the Mummy Conjurer began the quest for the Orb.
     0 | D:1      | Reached XP level 1. HP: 13/13 MP: 4/4
   638 | D:1      | Reached XP level 2. HP: 19/19 MP: 3/5
  1632 | D:2      | Noticed Terence
  1676 | D:2      | Found a blossoming altar of Fedhas.
  1716 | D:2      | Reached XP level 3. HP: 24/24 MP: 5/7
  2188 | D:2      | Learned a level 2 spell: Searing Ray
  2192 | D:2      | Learned a level 3 spell: Dazzling Spray
  2424 | D:2      | Killed Terence
  2424 | D:2      | Reached skill level 4 in Conjurations
  2537 | D:3      | Reached XP level 4. HP: 27/30 MP: 3/8
  2833 | D:3      | Found a runed door.
  2833 | D:3      | Noticed Crazy Yiuf
  2894 | D:3      | Paralysed by Crazy Yiuf for 2 turns
  2903 | D:3      | Killed Crazy Yiuf
  2903 | D:3      | Reached skill level 1 in Hexes
  3181 | D:3      | Reached XP level 5. HP: 17/35 MP: 3/9
  3371 | D:3      | Learned a level 4 spell: Iskenderun's Mystic Blast
  3453 | D:3      | Noticed Jessica
  3492 | D:3      | Killed Jessica
  4136 | D:4      | Reached skill level 5 in Conjurations
  4211 | D:4      | Found a bloodstained altar of Trog.
  4286 | D:4      | Found an ancient bone altar of Kikubaaqudgha.
  4678 | D:4      | Reached XP level 6. HP: 34/41 MP: 10/10
  4735 | D:4      | Found a sparkling altar of Nemelex Xobeh.
  5220 | D:4      | Found a runed gate.
  5222 | D:4      | Noticed Wingboner's ghost (amateur DENe)
  5223 | D:4      | Noticed an orc warrior
  5227 | D:4      | Found a runed gate.
  5228 | D:4      | Found a runed gate.
  5240 | D:4      | Found a roughly hewn altar of Beogh.
  5311 | D:5      | Entered Level 5 of the Dungeon
  5423 | D:5      | Found a glowing golden altar of the Shining One.
  5472 | D:5      | Found a basalt altar of Yredelemnul.
  5472 | D:5      | Found a burning altar of Makhleb.
  5806 | D:5      | Noticed Pikel
  5806 | D:5      | Noticed a slave
  5806 | D:5      | Noticed a slave
  5806 | D:5      | Noticed a slave
  5807 | D:5      | Noticed a slave
  5943 | D:5      | Killed a slave
  5969 | D:5      | Killed a slave
  6182 | D:5      | Killed Pikel
  6182 | D:5      | Reached skill level 6 in Conjurations
  6182 | D:5      | Reached XP level 7. HP: 44/46 MP: 11/11
  6686 | D:5      | Reached skill level 7 in Conjurations
  7102 | D:6      | Reached XP level 8. HP: 29/52 MP: 8/12
  7467 | D:6      | Found a sacrificial altar of Ru.
  7489 | D:6      | Reached skill level 1 in Shields
  7868 | D:6      | Found Elloro's Serpentskin Sales.
  8316 | D:6      | Reached skill level 8 in Conjurations
  8421 | D:6      | Reached skill level 1 in Throwing
  8437 | D:6      | Bought 5 curare-tipped needles for 39 gold pieces
  8814 | D:6      | Reached skill level 5 in Spellcasting
  9067 | D:7      | Reached XP level 9. HP: 48/57 MP: 12/16
  9098 | D:7      | Learned a level 4 spell: Fulminant Prism
  9103 | D:7      | Learned a level 4 spell: Force Lance
  9624 | D:7      | Noticed Dowan
  9640 | D:7      | Noticed Duvessa
  9653 | D:7      | Killed Dowan
  9659 | D:7      | Killed Duvessa
 10297 | D:7      | Found a staircase to the Ecumenical Temple.
 10303 | Temple   | Entered the Ecumenical Temple
 10552 | Temple   | Became a worshipper of Sif Muna the Loreminder
 10555 | Temple   | Learned a level 1 spell: Infusion
 10603 | D:7      | Found Zyfat's Book Shoppe.
 10985 | D:8      | Reached skill level 9 in Conjurations
 10985 | D:8      | Reached skill level 1 in Charms
 12086 | D:8      | Found a staircase to the Lair.
 12348 | D:9      | Found Gulaplem's General Store.
 12392 | D:9      | Bought a scroll of fear for 49 gold pieces
 12392 | D:9      | Bought a scroll of fog for 28 gold pieces
 12460 | D:9      | Found a snail-covered altar of Cheibriados.
 12474 | D:9      | Reached * piety under Sif Muna
 12485 | D:9      | Reached XP level 10. HP: 63/63 MP: 3/19
 13093 | D:9      | Noticed Grum
 13860 | D:9      | Mangled by a wolf

Vault maps used:
D:1:      wheals_arrival_linesprint, chequers_big_river
D:2:      overflow_temple_1_default, uniq_terence
D:3:      first_ration, uniq_jessica, uniq_crazy_yiuf_cottage
D:4:      kennysheep_little_box, lemuel_doored_altar,
          nemelex_xobeh_ov_fountains_minmay, biasface_ghost_orc_armoury,
          minivault_24
D:5:      nicolae_tso_swordbearing_angel, gammafunk_temple_overflow_elements,
          minmay_misc_feat_nine_boxes, uniq_pikel
D:6:      old_forge, lemuel_round_altar, guppyfry_shop_venom
D:7:      minmay_temple_entry_enclosed_plants, serial_shops, shop, minivault_24,
          uniq_duvessa
D:8:      lair_entry_dummy
D:9:      lemuel_crystal_altar, serial_shops, nicolae_shop_waterfront, uniq_grum
Temple:   oiseaux_autumnal_temple

Skill      XL: |  1  2  3  4  5  6  7  8  9 10 |
---------------+-------------------------------+-----
Spellcasting   | 3 5 6 |  6.8
Stealth        | 2 |  2.0
Dodging        | 2 |  2.0
Conjurations   | 4 5 6 7 8 9 |  9.5
Hexes          | 1 2 3 4 |  4.0
Shields        | 2 3 4 |  4.0
Throwing       | 1 3 |  3.4
Charms         | 1 2 |  2.2

Action                   |  1- 3 |  4- 6 |  7- 9 | 10-12 || total
-------------------------+-------+-------+-------+-------++-------
Melee: Unarmed           |     1 |       |       |       ||     1
       Dagger            |     2 |     9 |    53 |    11 ||    75
       Whip              |    21 |    72 |   126 |       ||   219
 Fire: Blowgun           |       |    49 |    35 |       ||    84
 Cast: Magic Dart        |    72 |    70 |   127 |     8 ||   277
       Dazzling Spray    |     3 |     6 |    24 |     1 ||    34
       Searing Ray       |     1 |     5 |    14 |    12 ||    32
       Force Lance       |       |       |     6 |     5 ||    11
       Iskenderun's Myst |       |       |     3 |     1 ||     4
       Infusion          |       |       |       |     1 ||     1
Evoke: Wand              |       |     3 |     6 |       ||     9
  Use: Scroll            |       |     8 |       |       ||     8
 Stab: Sleeping          |     3 |     1 |     2 |       ||     6
       Paralysed         |       |     1 |       |       ||     1
Armor: Robe              |     2 |    10 |    43 |     2 ||    57
Dodge: Dodged            |    18 |    71 |   152 |    12 ||   253
Block: Buckler           |       |     2 |    59 |     8 ||    69

Table legend:
 A = Spawn XP
 B = Non-spawn XP
 C = Spawn XP percentage of total XP
 D = Spawn monster count
 E = Non-spawn monster count
 F = Spawn count percentage of total count
 G = Total turns spent on level
                    A         B        C        D         E        F      G
               +---------+---------+-------+---------+---------+-------+---------
         Total |       0 |    6242 |   0.0 |       0 |     172 |   0.0 | 13860
               +---------+---------+-------+---------+---------+-------+---------
           D:1 |       0 |      31 |   0.0 |       0 |      18 |   0.0 |  1486
           D:2 |       0 |      65 |   0.0 |       0 |      12 |   0.0 |  1046
           D:3 |       0 |     188 |   0.0 |       0 |      30 |   0.0 |  1529
           D:4 |       0 |     187 |   0.0 |       0 |      13 |   0.0 |  1250
           D:5 |       0 |     932 |   0.0 |       0 |      10 |   0.0 |  1767
           D:6 |       0 |    1330 |   0.0 |       0 |      36 |   0.0 |  1963
           D:7 |       0 |    1102 |   0.0 |       0 |      20 |   0.0 |  1366
           D:8 |       0 |    1502 |   0.0 |       0 |      16 |   0.0 |  1920
           D:9 |       0 |     905 |   0.0 |       0 |      17 |   0.0 |  1251
               +---------+---------+-------+---------+---------+-------+---------
